 Dungeon Crawl Stone Soup version 0.19-a0-1193-g2641e52 (webtiles) character file.

2398 epen the Martial Artist (level 9, 0/111 HPs)
             Began as a Merfolk Monk on Aug 19, 2016.
             Was a Priest of Cheibriados.
             Succumbed to an orc wizard's poison
             ... on level 6 of the Dungeon.
             The game lasted 00:11:04 (6550 turns).

epen the Martial Artist (Merfolk Monk)              Turns: 6550, Time: 00:11:04

Health: 0/111      AC: 24    Str: 16    XL:     9   Next: 46%
Magic:  21/21      EV:  2    Int: 17    God:    Cheibriados [***...]
Gold:   202        SH:  0    Dex: 26    Spells: 0 memorised, 8 levels left

rFire  . . .     SeeInvis .       - Unarmed
rCold  . . .     Gourm    .     (armour currently unavailable)
rNeg   + + +     Faith    .     (no shield)
rPois  +         Spirit   .     (helmet currently unavailable)
rElec  .         Dismiss  .     (cloak currently unavailable)
rCorr  .         Reflect  .     (gloves currently unavailable)
MR     .....     Harm     .     (boots currently unavailable)
Stlth  +++....... NoTele   +    r - amulet of rage
                                F - ring of poison resistance
                                y - ring of magical power

@: lethally poisoned (0 -> -6), tree-form, very slow
A: (change form in water), (swift swim), rugged brown scales 1, weak 1, (sturdy
frame 0)
a: Bend Time, Temporal Distortion, Renounce Religion, Evoke Berserk Rage


You were on level 6 of the Dungeon.
You worshipped Cheibriados.
Cheibriados was most pleased with you.
You were hungry.
You were a tree.
You visited 2 branches of the dungeon, and saw 7 of its levels.

You collected 202 gold pieces.

Inventory:

Armour
 a - a +0 robe (melded)
 k - a +0 helmet (melded)
 m - a +1 pair of boots (melded)
Jewellery
 r - an amulet of rage (around neck)
 y - a ring of magical power (left branch)
 F - a ring of poison resistance (right branch)
Wands
 s - a wand of random effects (17/48)
 x - a wand of random effects (17/48)
 C - a wand of flame (24/48)
Scrolls
 g - 2 scrolls of immolation
 h - 2 scrolls of magic mapping
 i - a scroll of enchant armour
 p - 2 scrolls of remove curse
Potions
 n - 3 potions of flight
Books
 u - a book of Summonings

   Spells                             Type                      Level
   a - Recall                         Summoning/Translocation      3
   b - Aura of Abjuration             Summoning                    5
   c - Summon Demon                   Summoning                    5
   d - Summon Forest                  Summoning/Translocation      5
   e - Summon Mana Viper              Hexes/Summoning              5
   f - Shadow Creatures               Summoning                    6
Comestibles
 b - 4 bread rations
 f - 3 meat rations
 l - 4 slices of pizza
 v - 3 fruits
 B - a beef jerky


   Skills:
 + Level 7.0 Fighting
 + Level 8.6 Dodging
 - Level 2.1 Stealth
 * Level 9.7 Unarmed Combat
 * Level 4.4 Invocations


You had 8 spell levels left.
You didn't know any spells.

Dungeon Overview and Level Annotations

Branches:
Dungeon (6/15)             Temple (1/1) D:4

Altars:
Ashenzari
Cheibriados
Dithmenos
Elyvilon
Fedhas
Gozag
Hepliaklqana
Kikubaaqudgha
Makhleb
Nemelex Xobeh
Okawaru
Qazlal
Sif Muna
Trog
Uskayaw
Vehumet
Xom
Yredelemnul
The Shining One


Innate Abilities, Weirdness & Mutations

((You revert to your normal form in water.))
((You are very nimble and swift while swimming.))
(You are partially covered in rugged brown scales. (AC +1, +3% HP))
You are weak. (Str -2)
((Your movements are slightly less encumbered by armour. (ER -2)))


Message History

You punch the crimson imp, but do no damage.
* * * LOW HITPOINT WARNING * * *
You feel sick.
The crimson imp hits you but does no damage.
You smack the crimson imp!
Your punch misses the crimson imp.
The crimson imp is severely wounded.
You feel a little less agile now.
* * * LOW HITPOINT WARNING * * *
You feel sick. The crimson imp hits you.
* * * LOW HITPOINT WARNING * * *
You pummel the crimson imp!!
You kill the crimson imp!
Cheibriados appreciates the change of pace.
* * * LOW HITPOINT WARNING * * *
You feel sick.
You cannot move.
Okay, then.
Okay, then.
There is a lethal amount of poison in your body!
You die...

#..........<........##
.....................##########
..............................###
.................................
.....(...........................
...............................[.
.............................####
................))...........#
#.......<.......♣............#
.............................+
.............................#
###............##.....[......#
##...########.........##...#
#..## ...####### ## ##.# .### #.#
(. #.#


There were no monsters in sight!

Vanquished Creatures
  The ghost of epen the Martial Artist, a novice MfMo (D:6)
  The ghost of Aquadorian the Covert, a novice OpFi (D:5)
  Sigmund (D:4)
  A naga (D:6)
  Duvessa (D:5)
  A phantom (D:4)
  3 ogres
  A giant frog (D:6)
  Dowan (D:5)
  A howler monkey (D:3)
  2 crimson imps (D:6)
  2 centaur skeletons
  An orc priest (D:6)
  3 orc wizards
  2 iguanas
  4 worker ants
  A hound zombie (D:5)
  Robin (D:2)
  9 adders
  7 gnolls
  An adder skeleton (D:4)
  3 worms
  2 dart slugs
  2 giant geckos
  8 orcs
  12 bats
  8 giant cockroaches
  19 goblins
  14 hobgoblins
  2 jackals (D:2)
  7 kobolds
  4 quokkas
  A ball python (D:4)
  2 giant gecko skeletons
  7 giant newts
  2 quokka skeletons (D:4)
  10 rats
148 creatures vanquished.

Vanquished Creatures (others)
  A hound (D:6)
  A hound zombie (D:6)
2 creatures vanquished.

Grand Total: 150 creatures vanquished

Notes
Turn   | Place    | Note
-------+----------+-------------------------------------------
     0 | D:1      | epen the Merfolk Monk began the quest for the Orb.
     0 | D:1      | Reached XP level 1. HP: 18/18 MP: 1/1
   199 | D:1      | Reached XP level 2. HP: 22/24 MP: 2/2
   323 | D:1      | Reached skill level 4 in Unarmed Combat
   332 | D:1      | Reached XP level 3. HP: 17/29 MP: 3/3
  1111 | D:2      | Noticed Robin
  1116 | D:2      | Reached XP level 4. HP: 12/37 MP: 4/4
  1735 | D:2      | Killed Robin
  2150 | D:2      | Found a basalt altar of Yredelemnul.
  2151 | D:2      | Found an ancient bone altar of Kikubaaqudgha.
  2163 | D:2      | Reached skill level 5 in Unarmed Combat
  2308 | D:2      | Reached XP level 5. HP: 42/42 MP: 5/5
  2504 | D:2      | Reached skill level 5 in Dodging
  3528 | D:3      | Reached XP level 6. HP: 40/49 MP: 6/6
  3793 | D:4      | Reached skill level 6 in Unarmed Combat
  4291 | D:4      | Found a staircase to the Ecumenical Temple.
  4303 | Temple   | Entered the Ecumenical Temple
  4396 | Temple   | Became a worshipper of Cheibriados the Contemplative
  4396 | Temple   | Reached * piety under Cheibriados
  4396 | Temple   | Reached ** piety under Cheibriados
  4484 | D:4      | Noticed a phantom
  4505 | D:4      | Killed a phantom
  4505 | D:4      | Reached skill level 5 in Fighting
  4505 | D:4      | Reached XP level 7. HP: 54/56 MP: 7/7
  4517 | D:4      | Noticed Sigmund
  4538 | D:4      | Killed Sigmund
  4538 | D:4      | Reached skill level 7 in Unarmed Combat
  4542 | D:4      | Found an opulent altar of Gozag.
  5121 | D:5      | Entered Level 5 of the Dungeon
  5184 | D:5      | Noticed Duvessa
  5186 | D:5      | Noticed Dowan
  5191 | D:5      | Killed Duvessa
  5191 | D:5      | Reached XP level 8. HP: 53/64 MP: 8/8
  5202 | D:5      | Killed Dowan
  5393 | D:5      | Noticed Aquadorian's ghost (novice OpFi)
  5409 | D:5      | Killed Aquadorian's ghost
  5409 | D:5      | Reached skill level 8 in Unarmed Combat
  5646 | D:5      | Reached skill level 1 in Invocations
  6017 | D:6      | Noticed epen's ghost (novice MfMo)
  6109 | D:6      | Killed epen's ghost
  6109 | D:6      | Reached skill level 9 in Unarmed Combat
  6109 | D:6      | Reached XP level 9. HP: 17/71 MP: 11/11
  6400 | D:5      | Gained mutation: You are partially covered in rugged brown scales. (AC +1, +3% HP) [potion of mutation]
  6400 | D:5      | Gained mutation: You are weak. (Str -2) [potion of mutation]
  6400 | D:5      | Gained mutation: Your movements are slightly less encumbered by armour. (ER -2) [potion of mutation]
  6413 | D:5      | Reached *** piety under Cheibriados
  6508 | D:6      | HP: 3/73 [orc warrior/trident (12)]
  6544 | D:6      | HP: 5/111 [poisoned by an orc wizard]
  6547 | D:6      | HP: 2/111 [crimson imp (1)]
  6550 | D:6      | Succumbed to an orc wizard's poison

Vault maps used:
D:1:      enne_arrival_octagon_isle, minmay_hexomino_u4
D:2:      grunt_temple_overflow_open, tgw_kikubaaqudgha, uniq_robin
D:4:      nicolae_gozag_seed_capital, uniq_sigmund
D:5:      first_bread, uniq_duvessa
D:6:      kennysheep_little_box, uniq_crazy_yiuf_cottage
Temple:   compressed_dpeg_circular_temple

Skill      XL: |  1  2  3  4  5  6  7  8  9 |
---------------+----------------------------+-----
Unarmed Combat | 4 5 6 7 9 |  9.7
Fighting       | 4 5 6 7 |  7.0
Dodging        | 5 6 7 8 |  8.6
Invocations    | 3 4 |  4.4
Stealth        | |  2.1

Action                   |  1- 3 |  4- 6 |  7- 9 || total
-------------------------+-------+-------+-------++-------
Melee: Unarmed           |   137 |   257 |   226 ||   620
       Punch             |     1 |     5 |    14 ||    20
Evoke: Wand              |       |     1 |     6 ||     7
  Use: Potion            |       |       |    10 ||    10
       Scroll            |       |       |    16 ||    16
 Stab: Sleeping          |     3 |     9 |     2 ||    14
       Distracted        |     1 |       |     1 ||     2
  Eat: Chunk             |     1 |    10 |     3 ||    14
Armor: Robe              |    27 |    33 |    22 ||    82
       Skin              |       |       |    13 ||    13
Dodge: Dodged            |   108 |   214 |   171 ||   493
